 Dungeon Crawl Stone Soup version 0.30-a0-1050-g2766ea1e55 (webtiles) character file.

Game seed: 18046170465176379375

459 Dirtsage the Chopper (level 6, -2/47 HPs)
             Began as a Demonspawn Berserker on Apr 10, 2023.
             Was a Priest of Trog.
             Slain by a lemure (6 damage)
             ... led by Pikel
             ... on level 4 of the Dungeon.
             The game lasted 00:06:33 (3042 turns).

Dirtsage the Chopper (Demonspawn Berserker)         Turns: 3042, Time: 00:06:33

Health: -2/47      AC: 12    Str: 19    XL:     6   Next: 78%
Magic:  6/6        EV:  8    Int:  8    God:    Trog [***...]
Gold:   190        SH:  0    Dex: 19    Spells: 5/5 levels left

rFire   . . .      SeeInvis .    f - +0 war axe
rCold   + . .      Faith    .    (no shield)
rNeg    . . .      Spirit   .    a - +0 chain mail
rPois   .          Reflect  .    (no helmet)
rElec   .          Rampage  .    (no cloak)
rCorr   .                        v - +1 pair of gloves
Will    .....                    (no boots) Stlth
                                 (no amulet)
HPRegen 0.27/turn                I - ring of protection from cold
MPRegen 0.20/turn                s - +6 ring of dexterity

@: no status effects
A: icy blue scales 1, magic regeneration
a: Renounce Religion, Berserk, Trog's Hand


You were on level 4 of the Dungeon.
You worshipped Trog.
Trog was most pleased with you.
You visited 1 branch of the dungeon, and saw 4 of its levels.

You collected 190 gold pieces.

Inventory:

Hand Weapons
 f - a +0 war axe (weapon)
 p - a +0 flail of draining
Armour
 a - a +0 chain mail (worn)
 d - a +0 ring mail
 v - a +1 pair of gloves (worn)
Jewellery
 s - a +6 ring of dexterity (right hand)
 I - a ring of protection from cold (left hand)
Scrolls
 b - a scroll of silence {unknown}
 c - 2 scrolls of blinking {unknown}
 g - 2 scrolls of torment
 i - a scroll of identify
 j - a scroll of fog {unknown}
 l - a scroll of amnesia
 m - a scroll of enchant armour
 r - 2 scrolls of magic mapping {unknown}
 t - 5 scrolls of teleportation
 u - a scroll of poison {unknown}
 y - a scroll of vulnerability {unknown}
Potions
 e - a potion of might {unknown}
 h - a potion of brilliance {unknown}
 k - a potion of mutation {unknown}
 n - 2 potions of degeneration {unknown}
 o - 2 potions of haste {unknown}
 q - 2 potions of curing
 w - 2 potions of attraction {unknown}
 x - a potion of heal wounds {unknown}


   Skills:
 - Level 3.0 Fighting
 + Level 7.1 Axes
 - Level 1.7 Armour
 - Level 1.7 Dodging


You had 5 spell levels left.
You didn't know any spells.
Your spell library contained the following spells:

 Spells                   Type           Power      Damage    Failure   Level
 Ensorcelled Hibernation  Hex/Ice        0%         N/A       99%         2
 Passwall                 Tmut/Erth      0%         N/A       99%         2
 Swiftness                Air            0%         N/A       100%        3


Dungeon Overview and Level Annotations

Branches:
Dungeon (4/15)
 Temple: D:4-7

Altars:
Kikubaaqudgha
Nemelex Xobeh


Innate Abilities, Weirdness & Mutations

You are partially covered in icy blue scales. (AC +2)
You regenerate magic rapidly.


Message History

You take 6 damage, and have 14/47 hp.
You slash the lemure!
You kill the lemure!
That felt strangely unrewarding.
You barely miss the lemure. The lemure barely misses you.
You hit the lemure but do no damage. The lemure closely misses you.
You hit the lemure.
The lemure is lightly wounded.
The lemure barely misses you. The lemure hits you but does no damage.
You hit the lemure.
The lemure is heavily wounded.
The lemure hits you but does no damage.
A lemure comes into view.
You slash the lemure!
The lemure is almost dead.
The lemure barely misses you.
You barely miss the lemure.
The lemure is almost dead.
The lemure hits you but does no damage.
You hit the lemure.
You kill the lemure!
That felt strangely unrewarding.
You slash the lemure!
The lemure is moderately wounded.
The lemure hits you.
You take 1 damage, and have 15/47 hp.
You hit the lemure but do no damage.
The lemure is moderately wounded.
The lemure hits you but does no damage.
You completely miss the lemure.
The lemure is moderately wounded.
The lemure hits you.
* * * LOW HITPOINT WARNING * * *
You take 4 damage, and have 11/47 hp.
You hit the lemure.
The lemure is heavily wounded.
The lemure hits you!
* * * LOW HITPOINT WARNING * * *
The lemure hits you.
You die...

#####
#...#
...
...
#.#
#5#
#@#
#.#
#.#
#.###
#...#
###>#
#.#
#.#
#.#


You could see a lemure.

Vanquished Creatures
  A black bear (D:4)
  An ogre (D:4)
  3 lemures (D:4)
  2 scorpions (D:4)
  An orc priest (D:3)
  4 adders
  A worm (D:3)
  3 dart slugs (D:1)
  15 orcs
  7 endoplasms
  3 giant cockroaches
  9 goblins
  10 hobgoblins
  4 jackals (D:2)
  A quokka (D:1)
  7 ball pythons
  6 bats
  5 frilled lizards
  5 kobolds
  3 rats
91 creatures vanquished.

Vanquished Creatures (others)
  4 withered plants (D:4)
4 creatures vanquished.

Grand Total: 95 creatures vanquished

Notes
Turn   | Place    | Note
-------+----------+-------------------------------------------
     0 | D:1      | Dirtsage the Demonspawn Berserker began the quest for the
                  | Orb.
     0 | D:1      | Reached XP level 1. HP: 18/18 MP: 1/1
    56 | D:1      | Reached skill level 3 in Axes
   115 | D:1      | Gained mutation: You are partially covered in icy blue
                  | scales. (AC +2) [demonic ancestry]
   115 | D:1      | Reached XP level 2. HP: 24/24 MP: 2/2
   330 | D:1      | Reached ** piety under Trog
   643 | D:1      | Reached XP level 3. HP: 29/29 MP: 3/3
   659 | D:1      | Found a faded altar of an unknown god.
   909 | D:2      | Reached skill level 4 in Axes
   962 | D:2      | Identified the +1 whip "Ragyly" {venom, rC+ rN+}
  1449 | D:2      | Gained mutation: You regenerate magic rapidly. [demonic
                  | ancestry]
  1449 | D:2      | Reached XP level 4. HP: 35/35 MP: 4/4
  1815 | D:3      | Reached skill level 5 in Axes
  1822 | D:3      | HP: 1/35 [orc/+0 flail (3)]
  2013 | D:3      | Reached XP level 5. HP: 28/41 MP: 5/5
  2194 | D:3      | Found a sparkling altar of Nemelex Xobeh.
  2571 | D:4      | Reached *** piety under Trog
  2708 | D:4      | Noticed an ogre
  2712 | D:4      | Killed an ogre
  2713 | D:4      | Reached skill level 6 in Axes
  2720 | D:4      | Noticed a black bear
  2726 | D:4      | Killed a black bear
  2727 | D:4      | Reached XP level 6. HP: 29/47 MP: 6/6
  2884 | D:4      | Found an ancient bone altar of Kikubaaqudgha.
  2993 | D:4      | Reached skill level 7 in Axes
  3042 | D:4      | Slain by a lemure

Illustrated notes

Levels and vault maps discovered:
D:1:      beargit_arrival_greenhouse, layout_basic,
          dreamdust_ecumenical_altar_hidden_monk_grotto
D:2:      layout_basic, minmay_quantized
D:3:      layout_loops_ring, mainiacjoe_overflow_alcove_4
D:4:      black_bear_nest_1, layout_loops_ring, kiku_gazebo_garden_becter,
          uniq_pikel

Skill      XL: |  1  2  3  4  5  6 |
---------------+-------------------+-----
Axes           | 3 4 5 6 7 |  7.1
Fighting       | |  3.0
Armour         | |  1.7
Dodging        | |  1.7

Action                     |  1- 3 |  4- 6 || total
---------------------------+-------+-------++-------
  Melee: Hand axe          |    64 |       ||    64
         War axe           |    65 |   185 ||   250
         Punch             |       |     1 ||     1
 Invoke: Berserk           |       |     2 ||     2
    Use: Potion            |       |     1 ||     1
         Scroll            |       |     4 ||     4
   Stab: Sleeping          |     1 |       ||     1
 Armour: Ring mail         |    51 |    45 ||    96
         Animal skin       |     1 |       ||     1
         Chain mail        |       |    53 ||    53
  Dodge: Dodged            |    73 |    86 ||   159

Table legend: (Time is in decaauts)
 A = Elapsed time spent in this place.
 B = Non-inter-level travel time spent in this place.
 C = Inter-level travel time spent in this place.
 D = Time resting spent in this place.
 E = Time spent auto-exploring this place.
 F = Levels seen in this place.
 G = Mean time per level.
                   A        B        C        D        E       F      G
               +--------+--------+--------+--------+--------+-----+--------+
         Total |   3124 |   2970 |    154 |      7 |   2302 |   4 |  781.0 |
       Dungeon |   3124 |   2970 |    154 |      7 |   2302 |   4 |  781.0 |
               +--------+--------+--------+--------+--------+-----+--------+

Top non-repeatable levels by time:
     D:3: 879 daAuts
     D:1: 867 daAuts
     D:2: 824 daAuts
     D:4: 552 daAuts
